 Dungeon Crawl Stone Soup version 0.26.1-11-gd32895ea62 (webtiles) character file.

Game seed: 18043078325979944374

188 Descartes the Sneak (level 5, -1/24 HPs)
             Began as a Spriggan Enchanter on June 29, 2021.
             Killed from afar by an orc wizard (9 damage)
             ... with a magic dart
             ... on level 4 of the Dungeon.
             The game lasted 00:08:45 (5853 turns).

Descartes the Sneak (Spriggan Enchanter)            Turns: 5853, Time: 00:08:46

Health: -1/24      AC:  2    Str:  5    XL:     5   Next: 39%
Magic:  10/10      EV: 20    Int: 16    God:
Gold:   356        SH:  0    Dex: 17    Spells: 8/9 levels left

rFire    . . .     SeeInvis +   a - +2 rapier (holy)
rCold    . . .     Faith    .   (shield restricted)
rNeg     . . .     Spirit   .   t - +0 robe
rPois    .         Reflect  .   (helmet restricted)
rElec    .         Harm     .   (no cloak)
rCorr    .         Rampage  .   (gloves unavailable)
Will     .....                  (boots unavailable)
Stlth    ++++......             (no amulet)
HPRegen  0.08/turn              (no ring)
MPRegen  0.12/turn              (no ring)

@: very quick
A: very small, unfitting armour, see invisible, speed 3
a: no special abilities


You were on level 4 of the Dungeon.
You visited 1 branch of the dungeon, and saw 5 of its levels.

You collected 356 gold pieces.

Inventory:

Hand Weapons
 a - a +2 rapier of holy wrath (weapon)
 b - a +0 hunting sling of flaming
 z - a +2 short sword of draining
Missiles
 e - 36 arrows
 g - 83 sling bullets
 j - 72 stones
 n - 11 boomerangs
 o - 23 bolts
 p - 14 poisoned darts
 x - 2 throwing nets
 y - 8 silver boomerangs
Armour
 t - a +0 robe (worn)
Wands
 A - a wand of random effects (15)
Scrolls
 c - 5 scrolls of remove curse {unknown}
 f - 2 scrolls of magic mapping {unknown}
 h - 10 scrolls of identify {unknown}
 l - 3 scrolls of enchant weapon {unknown}
 m - 2 scrolls of teleportation {unknown}
 q - a scroll of fog {unknown}
 r - a scroll of blinking {unknown}
 w - a scroll of fear {unknown}
 B - a scroll of immolation {unknown}
Potions
 d - 2 potions of mutation {unknown}
 i - a potion of flight {unknown}
 k - a potion of heal wounds
 s - a potion of haste {unknown}
 u - a potion of curing {unknown}
 v - 3 potions of berserk rage {unknown}


   Skills:
 + Level 1.7(2.3) Short Blades
 + Level 1.7(2.0) Long Blades
 + Level 1.6 Slings
 + Level 4.6 Dodging
 - Level 7.0 Stealth
 - Level 2.6 Spellcasting
 - Level 3.6 Hexes


You had 8 spell levels left.
You knew the following spells:

 Your Spells              Type           Power        Failure   Level
a - Corona                Hex            14%          4%          1

Your spell library contained the following spells:

 Spells                   Type           Power        Failure   Level
 Confusing Touch          Hex            13%          13%         3
 Tukima's Dance           Hex            13%          13%         3
 Ensorcelled Hibernation  Hex/Ice        14%          14%         2
 Dazzling Flash           Conj/Hex       14%          28%         3


Dungeon Overview and Level Annotations

Branches:
Dungeon (5/15)
 Temple: D:4-7

Altars:
Ru
Trog

Annotations:
D:3 Blork the orc
D:4 Eustachio
D:5 Dowan


Innate Abilities, Weirdness & Mutations

You are very small and have problems with some larger weapons.
You are too small for most types of armour.
You have supernaturally acute eyesight. (SInv)
You cover ground extremely quickly.


Message History

The orc wizard points at itself and mumbles some strange words.
The orc wizard flickers and vanishes for a moment.
The orc misses you. The leopard gecko closely misses you.
You hit the orc but do no damage. The orc completely misses you.
The leopard gecko closely misses you.
An orc wizard comes into view. It is wielding a +0 dagger.
You hit the orc but do no damage.
The leopard gecko completely misses you.
The orc wizard casts a spell.
The orc wizard seems to speed up.
The leopard gecko misses you. The orc barely misses you.
You see here a jackal corpse.
Found 20 stones.
The orc wizard misses you.
There is a stone staircase leading down here.
You can't go up here!
The orc wizard hits you with a +0 dagger.
The orc wizard points at you and mumbles some strange words.
The magic dart hits you!
You die...

###### #... #....#
#.##
#########†...# #.
(.......o....# #.
.............+ #.
.......l.o...###
..
........Bo.......
#.
..................
#.
........@##.#.###.
# .......#.##.#.#
# .......#.##.#.#
.......#.. ..
.......'.. # .....
#### ....


You could see a worker ant, 2 orc wizards, an orc and a leopard gecko.

Vanquished Creatures
  A hound (D:4)
  A worker ant (D:4)
  4 adders
  2 oozes
  2 dart slugs
  A worm (D:4)
  2 leopard geckos
  2 ball pythons (D:3)
  4 giant cockroaches
  6 goblins
  13 hobgoblins
  6 jackals
  2 quokkas
  10 bats
  3 frilled lizards
  8 kobolds
  13 rats
80 creatures vanquished.

Notes
Turn   | Place    | Note
-------+----------+-------------------------------------------
     0 | D:1      | Descartes the Spriggan Enchanter began the quest for the
                  | Orb.
     0 | D:1      | Reached XP level 1. HP: 9/9 MP: 5/5
   112 | D:1      | Reached skill level 5 in Stealth
   173 | D:1      | Reached XP level 2. HP: 11/13 MP: 6/6
   331 | D:1      | Reached skill level 6 in Stealth
   530 | D:1      | Reached XP level 3. HP: 16/16 MP: 8/8
  1092 | D:2      | Reached skill level 7 in Stealth
  2573 | D:1      | Reached XP level 4. HP: 6/18 MP: 9/9
  3085 | D:2      | Reached skill level 1 in Long Blades
  4396 | D:3      | Found a bloodstained altar of Trog.
  4764 | D:4      | Noticed Blork the orc
  4783 | D:3      | HP: 1/20 [Blork the orc/puff of flame (10)]
  5168 | D:4      | Reached skill level 1 in Slings
  5168 | D:4      | Reached XP level 5. HP: 13/24 MP: 10/10
  5746 | D:4      | Found a sacrificial altar of Ru.
  5761 | D:4      | Noticed Eustachio
  5787 | D:5      | Entered Level 5 of the Dungeon
  5790 | D:5      | Noticed Dowan
  5853 | D:4      | Killed from afar by an orc wizard

Illustrated notes

Levels and vault maps discovered:
D:1:      sevenhm_arrival_forest_fort_small_4, layout_loops_ring,
          minmay_rat_gold_closets
D:2:      layout_basic, minmay_hexomino_c4
D:3:      layout_loops_corners, bloody_trog
D:4:      layout_basic, nicolae_ru_sacrificial_ziggurat, temple_doors_e,
          uniq_eustachio, uniq_blork_the_orc
D:5:      layout_cave_pods, uniq_sigmund, uniq_duvessa, uniq_ijyb,
          uniq_prince_ribbit1

Skill      XL: |  1  2  3  4 |
---------------+-------------+-----
Stealth        | 5 6 7 |  7.0
Long Blades    | 1 |  1.7
Dodging        | 4 |  4.6
Slings         | 1 |  1.6
Short Blades   | |  1.7
Spellcasting   | |  2.6
Hexes          | |  3.6

Action                   |  1- 3 |  4- 6 || total
-------------------------+-------+-------++-------
Melee: Dagger            |   209 |    50 ||   259
       Rapier            |       |    30 ||    30
       Short sword       |       |    10 ||    10
 Fire: Hunting sling     |       |    73 ||    73
 Cast: Corona            |       |     1 ||     1
  Use: Potion            |     1 |       ||     1
 Stab: Sleeping          |    23 |       ||    23
       Distracted        |     1 |       ||     1
Armor: Robe              |    22 |    15 ||    37
Dodge: Dodged            |   178 |   148 ||   326
